 Dungeon Crawl Stone Soup version 0.23-a0-8-gb809bb70e4 (webtiles) character file.

1618 Grim the Twirler (level 8, -14/56 HPs)
             Began as a Mummy Gladiator on Aug 1, 2018.
             Was a Follower of Makhleb.
             Demolished by an orc warrior
             ... wielding a +0 scimitar
              (22 damage)
             ... on level 7 of the Dungeon.
             The game lasted 00:19:06 (8982 turns).

Grim the Twirler (Mummy Gladiator)                  Turns: 8982, Time: 00:19:06

Health: -14/56     AC:  7    Str: 21    XL:     8   Next: 64%
Magic:  0/8        EV: 12    Int:  8    God:    Makhleb [*.....]
Gold:   546        SH:  0    Dex: 15    Spells: 3/7 levels left

rFire    x . .     SeeInvis .   a - +0 quarterstaff
rCold    + . .     Gourm    .   (shield currently unavailable)
rNeg     + + +     Faith    .   b - +1 leather armour
rPois    ∞         Spirit   +   c - +0 helmet
rElec    .         Reflect  .   s - scarf {Spirit}
rCorr    .         Harm     .   n - +0 pair of gloves
MR       ++...                  g - +0 pair of boots
Stlth    +.........             (no amulet)
HPRegen  0.18/turn              j - ring of protection from magic
MPRegen  0.11/turn              l - +4 ring of strength

@: no status effects
A: no food or potions, fire vulnerability, cold resistance 1, negative energy
resistance 3, torment resistance, unbreathing
a: Renounce Religion


You were on level 7 of the Dungeon.
You worshipped Makhleb.
Makhleb was aware of your devotion.
You were not hungry.

You visited 2 branches of the dungeon, and saw 8 of its levels.

You collected 546 gold pieces.

Inventory:

Hand Weapons
 a - a +0 quarterstaff (weapon)
Armour
 b - a +1 leather armour (worn)
 c - a +0 helmet (worn)
 g - a +0 pair of boots (worn)
 n - a +0 pair of gloves (worn)
 s - a scarf of spirit shield (worn)
Jewellery
 j - a ring of protection from magic (left hand)
 l - a +4 ring of strength (right hand)
Wands
 d - a wand of acid (4)
 q - a wand of disintegration (11)
Scrolls
 e - a scroll of immolation {unknown}
 f - 2 scrolls of enchant armour
 h - a scroll of identify
 i - a scroll of teleportation
 k - 7 scrolls of remove curse
 m - 2 scrolls of amnesia
 p - a scroll of fog
 r - a scroll of enchant weapon {unknown}
 t - a scroll of random uselessness {unknown}


   Skills:
 - Level 2.0 Fighting
 * Level 7.5 Staves
 - Level 2.5 Throwing
 - Level 2.4 Dodging
 - Level 5.8 Hexes
 + Level 0.0 Invocations


You had 3 spell levels left.
You knew the following spells:

 Your Spells              Type           Power        Failure   Level  Hunger
a - Confusing Touch       Hex            #.....       4%          1    N/A
b - Confuse               Hex            #.......     14%         3    N/A

Your spell library contained the following spells:

 Spells                   Type           Power        Failure   Level  Hunger
 Metabolic Englaciation   Hex/Ice        #.........   99%         5    N/A
 Petrify                  Tmut/Erth      #.......     99%         4    N/A
 Gell's Gravitas          Tloc           #.........   83%         3    N/A
 Yara's Violent Unravell  Hex/Tmut       #.........   99%         5    N/A

Dungeon Overview and Level Annotations

Branches:
Dungeon (7/15)             Temple (1/1) D:4

Altars:
Ashenzari
Cheibriados
Elyvilon
Fedhas
Gozag
Hepliaklqana
Kikubaaqudgha
Makhleb
Nemelex Xobeh
Okawaru
Qazlal
Ru
Sif Muna
Trog
Uskayaw
Vehumet
Yredelemnul
Zin
The Shining One
Jiyva

Shops:
D:5 *   D:7 [


Innate Abilities, Weirdness & Mutations

You do not eat or drink.
Your flesh is vulnerable to fire.
You are immune to poison.
Your flesh is cold resistant. (rC+)
You are immune to negative energy. (rN+++)
You are immune to unholy pain and torment.
You can survive without breathing.


Message History

You hit the orc warrior.
The orc warrior is moderately wounded.
The orc warrior hits you with a scimitar.
* * * LOW HITPOINT WARNING * * *
Unknown command.
You hit the orc warrior but do no damage.
The orc warrior is moderately wounded.
Unknown command.
You barely miss the orc warrior.
The orc warrior is moderately wounded.
The orc warrior misses you.
Unknown command.
You hit the orc warrior.
The orc warrior is heavily wounded.
The orc warrior barely misses you.
Unknown command.
You closely miss the orc warrior.
The orc warrior is heavily wounded.
The orc warrior hits you with a scimitar!!
You die...

#.################.#
.####................#.##
........................#
.......#....##....##.#..##
######.#....##.##.##.#...#
..#...[##(##.##.###.##
####....##............#
#....####.###......#
#.......#@# #......##
#....##.#o# #.......# ###
#.... #.oo# #.....#.###..
#.o.. ##### #.....#..##.#
##.#. ##.#####.##.## ....
..........>[. ## #.
...#####.#.## #. #..)##
##....


You could see an orc warrior and 2 orcs.

Vanquished Creatures
  An ice beast (D:5)
  A necrophage (D:6)
  A phantom (D:5)
  3 centaurs
  4 bullfrogs
  A scorpion (D:4)
  4 wights (D:6)
  A hound (D:6)
  3 jellies
  2 orc priests
  2 bullfrog skeletons
  3 orc wizards
  Ijyb (D:5)
  2 iguanas
  3 worker ants
  A hound skeleton (D:6)
  A howler monkey zombie (D:6)
  A worker ant zombie (D:7)
  5 adders
  2 shadow imps
  An adder skeleton (D:4)
  3 worms
  3 dart slugs
  5 leopard geckos
  11 orcs
  6 bats
  4 giant cockroaches
  6 hobgoblins
  14 jackals
  7 kobolds
  2 quokkas
  2 ball pythons
  A frilled lizard (D:1)
  4 goblins
  A quokka skeleton (D:6)
  8 rats
120 creatures vanquished.

Notes
Turn   | Place    | Note
-------+----------+-------------------------------------------
     0 | D:1      | Grim the Mummy Gladiator began the quest for the Orb.
     0 | D:1      | Reached XP level 1. HP: 16/16 MP: 1/1
    87 | D:1      | Found a viscous altar of Jiyva.
    87 | D:1      | Noticed a jelly
    87 | D:1      | Noticed a jelly
    87 | D:1      | Noticed a jelly
    87 | D:1      | Noticed a jelly
    88 | D:1      | Noticed a jelly
    88 | D:1      | Noticed a jelly
   120 | D:1      | Noticed a jelly
   188 | D:1      | Reached XP level 2. HP: 21/22 MP: 2/2
   401 | D:1      | Reached skill level 3 in Staves
   749 | D:1      | Reached XP level 3. HP: 24/27 MP: 3/3
   946 | D:2      | Found a faded altar of an unknown god.
  1655 | D:3      | Found a hide-covered altar of Uskayaw.
  1659 | D:3      | Found a stormy altar of Qazlal.
  1690 | D:3      | Found a blossoming altar of Fedhas.
  1766 | D:3      | Reached XP level 4. HP: 16/33 MP: 4/4
  1935 | D:3      | Found a basalt altar of Yredelemnul.
  2389 | D:4      | Learned a level 1 spell: Confusing Touch
  2693 | D:4      | Found a staircase to the Ecumenical Temple.
  2821 | Temple   | Entered the Ecumenical Temple
  3199 | D:4      | Reached skill level 4 in Staves
  3199 | D:4      | Reached skill level 1 in Hexes
  3199 | D:4      | Reached XP level 5. HP: 28/38 MP: 3/5
  3625 | D:5      | Entered Level 5 of the Dungeon
  3679 | D:5      | Found an ancient bone altar of Kikubaaqudgha.
  3680 | D:5      | Found a glowing golden altar of the Shining One.
  3682 | D:5      | Found Raon's Assorted Antiques.
  4150 | D:5      | Reached XP level 6. HP: 44/44 MP: 6/6
  4867 | D:5      | Reached XP level 7. HP: 22/50 MP: 2/7
  5230 | D:5      | Reached skill level 5 in Staves
  5687 | D:5      | Reached skill level 5 in Hexes
  5753 | D:5      | Noticed Ijyb
  5763 | D:5      | Noticed a moth of wrath
  5769 | D:5      | Killed Ijyb
  5885 | D:5      | Found a radiant altar of Vehumet.
  5887 | D:5      | Found a burning altar of Makhleb.
  5909 | D:5      | Found a bloodstained altar of Trog.
  5991 | D:5      | Became a worshipper of Makhleb the Destroyer
  6105 | D:6      | HP: 2/50 [bullfrog (6)]
  6777 | D:6      | Learned a level 3 spell: Confuse
  6797 | D:6      | Reached XP level 8. HP: 27/56 MP: 2/8
  6973 | D:6      | Reached skill level 6 in Staves
  7688 | D:6      | Found a glowing silver altar of Zin.
  7897 | D:6      | Reached skill level 7 in Staves
  8199 | D:7      | Reached * piety under Makhleb
  8342 | D:7      | Found Timosyor's Armour Shoppe.
  8982 | D:7      | Demolished by an orc warrior

Vault maps used:
D:1:      erik_arrival_cave_to_civilisation
D:2:      chequers_ecumenical_altar_island
D:3:      grunt_temple_overflow_forces_of_nature, yredelemnul_altar_generic,
          eat_drink_and_be_merry_uskayaw, first_ration
D:4:      minmay_temple_entry_statues_pillars
D:5:      grunt_temple_overflow_lords_of_destruction, tgw_trog,
          chequers_temple_overflow_statue_of_worship, serial_shops,
          nicolae_shop_temple_entry_statues_fountains, nrook_mini_backslash,
          uniq_ijyb
D:6:      zin_statuary
D:7:      grunt_temple_overflow_open, serial_shops, shop_coins
Temple:   compressed_dpeg_triangle_lava_temple

Skill      XL: |  1  2  3  4  5  6  7  8 |
---------------+-------------------------+-----
Staves         | 3 4 5 7 |  7.5
Throwing       | 2 |  2.5
Hexes          | 1 2 4 5 |  5.8
Fighting       | |  2.0
Dodging        | |  2.4

Action                   |  1- 3 |  4- 6 |  7- 9 || total
-------------------------+-------+-------+-------++-------
Melee: Quarterstaff      |   134 |   140 |   260 ||   534
       Unarmed           |       |    30 |    29 ||    59
Throw: Throwing net      |     1 |     1 |     1 ||     3
 Cast: Confusing Touch   |       |    18 |     8 ||    26
       Confuse           |       |       |    14 ||    14
  Use: Scroll            |       |     6 |     6 ||    12
 Stab: Sleeping          |     3 |     2 |       ||     5
       Confused          |       |     6 |     3 ||     9
Armor: Leather armour    |    57 |    51 |    92 ||   200
Dodge: Dodged            |    89 |   130 |   204 ||   423

Table legend:
 A = Spawn XP
 B = Non-spawn XP
 C = Spawn XP percentage of total XP
 D = Spawn monster count
 E = Non-spawn monster count
 F = Spawn count percentage of total count
 G = Total turns spent on level
                    A         B        C        D         E        F      G
               +---------+---------+-------+---------+---------+-------+---------
         Total |       0 |    2312 |   0.0 |       0 |     120 |   0.0 |  8982
               +---------+---------+-------+---------+---------+-------+---------
           D:1 |       0 |      42 |   0.0 |       0 |      24 |   0.0 |   933
           D:2 |       0 |      37 |   0.0 |       0 |      10 |   0.0 |   714
           D:3 |       0 |      31 |   0.0 |       0 |      11 |   0.0 |   581
           D:4 |       0 |     176 |   0.0 |       0 |      13 |   0.0 |  1333
           D:5 |       0 |     878 |   0.0 |       0 |      31 |   0.0 |  2113
           D:6 |       0 |     873 |   0.0 |       0 |      26 |   0.0 |  2096
           D:7 |       0 |     275 |   0.0 |       0 |       5 |   0.0 |   869
               +---------+---------+-------+---------+---------+-------+---------
